 Dungeon Crawl Stone Soup version 0.28.0-47-ge53b351184 (webtiles) character file.

Game seed: 17028030212031057832

2 CryoSword the Skirmisher (level 1, -1/11 HPs)
             Began as a Vine Stalker Chaos Knight on May 7, 2022.
             Was a Plaything of Xom.
             Slain by a kobold
             ... wielding a +0 short sword
              (4 damage)
             ... on level 1 of the Dungeon.
             The game lasted 00:00:15 (145 turns).

CryoSword the Skirmisher (Vine Stalker Chaos Knight) Turns: 145, Time: 00:00:16

Health: -1/11      AC:  5    Str: 14    XL:     1   Next: 30%
Magic:  0/2        EV: 11    Int: 12    God:    Xom [..*...]
Gold:   21         SH:  0    Dex: 13    Spells: 0/0 levels left

rFire   . . .      SeeInvis .   a - +0 mace (chaos)
rCold   . . .      Faith    .   (no shield)
rNeg    . . .      Spirit   +   b - +2 leather armour
rPois   .          Reflect  .   (no helmet)
rElec   .          Harm     .   (no cloak)
rCorr   .          Rampage  .   (no gloves)
Will    .....                   (no boots)
Stlth   +.........              (no amulet)
HPRegen 0.03/turn               (no ring)
MPRegen 0.08/turn               (no ring)

@: no status effects
A: fangs 2, magic shield, antimagic bite, no potion heal 2
a: Renounce Religion


You were on level 1 of the Dungeon.
You worshipped Xom.
You were a toy of Xom.
You visited 1 branch of the dungeon, and saw 1 of its levels.

You collected 21 gold pieces.

Inventory:

Hand Weapons
 a - a +0 mace of chaos (weapon)
Armour
 b - a +2 leather armour (worn)
 e - a +0 pair of boots
   (You found it on level 1 of the Dungeon)
Scrolls
 c - a scroll of identify {unknown}
Potions
 d - a potion of ambrosia {unknown}


   Skills:
 + Level 2.7 Fighting
 * Level 2.7 Maces & Flails
 - Level 1.5 Armour
 - Level 0.7 Dodging
 + Level 0.1 Spellcasting


You couldn't memorise any spells.
You didn't know any spells.
Your spell library was empty.

Dungeon Overview and Level Annotations

Branches:
Dungeon (1/15)

Altars:


Innate Abilities, Weirdness & Mutations

You have extremely sharp teeth.
When hurt, damage is shared between your health and your magic reserves.
Your bite disrupts and absorbs the magic of your enemies.
Potions cannot restore your health.


Message History

Welcome, CryoSword the Vine Stalker Chaos Knight.
The heart of this dungeon contains the fabulous artefact, the Orb of Zot.
Xom says: A new plaything!
Found 16 stones.
Found a staircase leading out of the dungeon.
Could not explore, unopened door.
You open the door.
There is an open door here.
Found a stone staircase leading down.
There is a stone staircase leading down here.
Found a whip.
Found a robe.
An endoplasm comes into view.
The endoplasm quivers.
An endoplasm is nearby!
An endoplasm is nearby!
An endoplasm is nearby!
Found 6 gold pieces.
A ball python comes into view.
Found a scroll labelled VEZEUWI QAIXE.
The endoplasm barely misses you.
You hit the endoplasm.
The endoplasm is poisoned.
The endoplasm closely misses you.
You hit the endoplasm but do no damage.
The endoplasm resists with some effort.
You kill the endoplasm!
The ball python hisses angrily.
You see here a +0 robe.
No reachable target in view!
No reachable target in view!
No reachable target in view!
No reachable target in view!
No reachable target in view!
No reachable target in view!
No reachable target in view!
A ball python is nearby!
A ball python is nearby!
A ball python is nearby!
No reachable target in view!
No reachable target in view!
You hit the ball python. You burn the ball python.
You kill the ball python!
No target in view!
Xom grants you insight.
You feel aware of your surroundings.
Unknown command.
Unknown command.
You now have 6 gold pieces.
c - a scroll labelled VEZEUWI QAIXE You now have 21 gold pieces (gained 15).
d - a green potion
e - a +0 pair of boots A kobold comes into view.
It is wielding a +0 short sword.
The kobold shouts!
A kobold is nearby!
A kobold is nearby!
A kobold is nearby!
The kobold hits you with a +0 short sword.
You are too injured to fight recklessly!
You are too injured to fight recklessly!
You are too injured to fight recklessly!
You are too injured to fight recklessly!
You are too injured to fight recklessly!
You are too injured to fight recklessly!
You are too injured to fight recklessly!
You are too injured to fight recklessly!
You are too injured to fight recklessly!
You are too injured to fight recklessly!
You are too injured to fight recklessly!
You are too injured to fight recklessly!
You are too injured to fight recklessly!
You are too injured to fight recklessly!
You are too injured to fight recklessly!
You are too injured to fight recklessly!
You are too injured to fight recklessly!
You are too injured to fight recklessly!
You are too injured to fight recklessly!
You are too injured to fight recklessly!
You are too injured to fight recklessly!
You are too injured to fight recklessly!
You are too injured to fight recklessly!
You closely miss the kobold.
The kobold hits you with a +0 short sword.
* * * LOW HITPOINT WARNING * * *
The kobold hits you with a +0 short sword.
* * * LOW HITPOINT WARNING * * *
You closely miss the kobold. Your bite misses the kobold.
The kobold hits you with a +0 short sword.
You die...

#.........######
#.######........
#.# #.#######
#.#
##.#.########
#.#
#.###........
#.#
#..#.#######.
#.#### #.##
#...# #.# ###
###.# #@# PP##
#.# #K....#
≈≈P## #.#
#.##### ≈≈≈P##
#.# #.# ≈≈≈≈P#
#.# #.# ≈≈≈≈P#
#.# ... ########
#.# ..# .....+.#
#.# .## ######.#
#.#


You could see a kobold.

Vanquished Creatures
  An endoplasm (D:1)
  A ball python (D:1)
2 creatures vanquished.

Notes
Turn   | Place    | Note
-------+----------+-------------------------------------------
     0 | D:1      | CryoSword the Vine Stalker Chaos Knight began the quest for
                  | the Orb.
     0 | D:1      | Reached XP level 1. HP: 11/11 MP: 2/2
    33 | D:1      | XOM: divination: magic mapping
   145 | D:1      | Slain by a kobold

Illustrated notes

Levels and vault maps discovered:
D:1:      psy_arrival_terrarium, layout_loops_ring,
          shapermc_ecumenical_altar_pompeii, minmay_tetromino_l2

Action                   || total
-------------------------++-------
Melee: Mace              ||     5
Dodge: Dodged            ||     2
